 Dungeon Crawl Stone Soup version 0.30-a0-172-gc5509c9e31 (webtiles) character file.

Game seed: 14591439733287556630

16 KennySheep the Trooper (level 2, -4/32 HPs)
             Began as an Ogre Delver on Oct 2, 2022.
             Slain by Terence
             ... wielding a +1 mace of protection
              (6 damage)
             ... on level 2 of the Dungeon.
             The game lasted 00:01:55 (343 turns).

KennySheep the Trooper (Ogre Delver)                 Turns: 343, Time: 00:01:55

Health: -4/32      AC:  3    Str: 15    XL:     2   Next: 54%
Magic:  2/2        EV: 10    Int: 11    God:
Gold:   24         SH:  0    Dex: 10    Spells: 1/1 levels left

rFire   . . .      SeeInvis .    a - +0 mace
rCold   . . .      Faith    .    (no shield)
rNeg    . . .      Spirit   .    b - +0 robe
rPois   .          Reflect  .    d - +0 hat
rElec   .          Harm     .    (no cloak)
rCorr   .          Rampage  .    (gloves unavailable)
Will    .....                    (boots unavailable)
Stlth   ++........               (no amulet)
HPRegen 0.25/turn                (no ring)
MPRegen 0.08/turn                (no ring)

@: hasted, very quick
A: large, unfitting armour, tough skin 1
a: no special abilities


You were on level 2 of the Dungeon.
You visited 1 branch of the dungeon, and saw 4 of its levels.

You collected 24 gold pieces.

Inventory:

Hand Weapons
 a - a +0 mace (weapon)
Missiles
 h - 5 atropa-tipped darts (quivered)
Armour
 b - a +0 robe (worn)
 d - a +0 hat (worn)
Jewellery
 k - a ring of see invisible
Wands
 g - a wand of digging (3)
Scrolls
 c - a scroll of fog
 i - a scroll of identify {unknown}
Potions
 e - a potion of magic {unknown}
 j - a potion of lignification {unknown}


   Skills:
 + Level 4.1 Fighting
 * Level 2.1 Maces & Flails
 + Level 0.6 Throwing
 + Level 1.9 Dodging
 + Level 3.8 Stealth
 + Level 0.4 Shields


You had one spell level left.
You didn't know any spells.
Your spell library was empty.

Dungeon Overview and Level Annotations

Branches:
Dungeon (5/15)             Temple (0/1) D:4

Altars:

Annotations:
D:2 Terence
D:3 Jessica


Innate Abilities, Weirdness & Mutations

You are too large for most types of armour.
You have tough skin. (AC +1)


Message History

Things that are here:
a ball python corpse; an adder corpse
e - a cyan potion You open the door.
There is an open door here.
You now have 24 gold pieces (gained 9).
Terence the Incautious comes into view.
He is wielding a +1 mace of protection.
Terence is nearby!
Terence is nearby!
Terence shouts!
You barely miss Terence. Terence barely misses you.
You hit Terence.
Terence is lightly wounded.
Terence barely misses you.
Terence hits you with a +1 mace of protection.
You closely miss Terence.
Terence is lightly wounded.
Terence barely misses you.
You hit Terence.
Terence is moderately wounded.
Terence closely misses you.
You hit Terence but do no damage.
Terence is moderately wounded.
Terence hits you with a +1 mace of protection.
Terence hits you but does no damage.
You hit Terence.
Terence is moderately wounded.
Terence hits you with a +1 mace of protection!
You hit Terence.
Terence is moderately wounded.
Terence hits you with a +1 mace of protection.
You hit Terence.
Terence is severely wounded.
Terence hits you with a +1 mace of protection!
* * * LOW HITPOINT WARNING * * *
Terence hits you with a +1 mace of protection.
* * * LOW HITPOINT WARNING * * *
You feel yourself speed up.
Terence hits you with a +1 mace of protection.
You die...

#.............##.#..#
#.............'..#..#
##............#.##..#
#............#.....#
#.......##########.#
#.......##########.#
#########..........#
#..........#
#.....@@...#
#.....####.# #....
#.# #... #.# ### #.#
.#


You could see Terence.

Vanquished Creatures
  An adder (D:2)
  A dart slug (D:2)
  An endoplasm (D:3)
  A hobgoblin (D:3)
  A ball python (D:2)
  A rat (D:3)
6 creatures vanquished.

Notes
Turn   | Place    | Note
-------+----------+-------------------------------------------
     0 | D:5      | KennySheep the Ogre Delver began the quest for the Orb.
     0 | D:5      | Reached XP level 1. HP: 24/24 MP: 1/1
     8 | D:4      | Noticed a scorpion
   168 | D:3      | Noticed Jessica
   168 | D:3      | Noticed a jelly
   224 | D:2      | Reached XP level 2. HP: 12/32 MP: 2/2
   331 | D:2      | Noticed Terence
   343 | D:2      | Slain by Terence

Illustrated notes

Levels and vault maps discovered:
D:2:      layout_basic, nicolae_ecumenical_pavilion, uniq_terence
D:3:      layout_basic, mainiacjoe_overflow_concentric_impassable, uniq_sigmund,
          uniq_jessica
D:4:      layout_basic, minmay_temple_entry_proselytizer, serial_shops,
          nicolae_square_shop
D:5:      layout_basic, grunt_ministairs_10, chequers_serial_rivers_room_b,
          uniq_menkaure

Skill      XL: |  1 |
---------------+----+-----
Maces & Flails | 2 |  2.1
Fighting       | |  4.1
Throwing       | |  0.6
Dodging        | |  1.9
Stealth        | |  3.8
Shields        | |  0.4

Action                   || total
-------------------------++-------
Melee: Mace              ||    35
  Use: Scroll            ||     2
       Potion            ||     2
 Stab: Sleeping          ||     1
Armor: Robe              ||    13
Dodge: Dodged            ||    25

Table legend: (Time is in decaauts)
 A = Elapsed time spent in this place.
 B = Non-inter-level travel time spent in this place.
 C = Inter-level travel time spent in this place.
 D = Time resting spent in this place.
 E = Time spent auto-exploring this place.
 F = Levels seen in this place.
 G = Mean time per level.
                   A        B        C        D        E       F      G
               +--------+--------+--------+--------+--------+-----+--------+
         Total |    352 |    352 |      0 |    138 |     59 |   4 |   88.0 |
       Dungeon |    352 |    352 |      0 |    138 |     59 |   4 |   88.0 |
               +--------+--------+--------+--------+--------+-----+--------+

Top non-repeatable levels by time:
     D:2: 173 daAuts
     D:3: 148 daAuts
     D:4: 22 daAuts
     D:5: 8 daAuts
